 Dungeon Crawl Stone Soup version 0.30-a0-793-g160f7cfddd (webtiles) character file.

Game seed: 11745740216791571216

24 Esekla the Sneak (level 3, 0/26 HPs)
             Began as an Octopode Delver on Feb 19, 2023.
             Succumbed to a water moccasin's poison
             ... on level 5 of the Dungeon.
             The game lasted 00:01:41 (207 turns).

Esekla the Sneak (Octopode Delver)                   Turns: 207, Time: 00:01:42

Health: 0/26       AC:  1    Str: 11    XL:     3   Next: 2%
Magic:  3/3        EV: 13    Int: 14    God:
Gold:   0          SH:  0    Dex: 13    Spells: 3/3 levels left

rFire   . . .      SeeInvis .    a - +0 falchion
rCold   . . .      Faith    .    (no shield)
rNeg    . . .      Spirit   .    (helmet restricted)
rPois   .          Reflect  .    (no amulet)
rElec   .          Harm     .    (no ring)
rCorr   .          Rampage  .    (no ring)
Will    .....                    (no ring)
Stlth   ++++                     (no ring)
HPRegen 0.24/turn                (no ring)
MPRegen 0.08/turn                (no ring)
                                 (no ring)
                                 (no ring)

@: lethally poisoned (0 -> -10), hasted, very quick
A: almost no armour, amphibious, 8 rings, camouflage 1, gelatinous body 1,
(nimble swimmer 1), tentacles
a: no special abilities


You were on level 5 of the Dungeon.
You visited 1 branch of the dungeon, and saw 1 of its levels.

Inventory:

Hand Weapons
 a - a +0 falchion (weapon)
Wands
 f - a wand of digging (3)
Scrolls
 b - a scroll of fog
 c - a scroll of noise {unknown}
 d - a scroll of poison {unknown}
Potions
 g - a potion of heal wounds {unknown}


   Skills:
 * Level 3.2 Fighting
 * Level 2.1 Long Blades
 * Level 2.2 Dodging
 + Level 7.1 Stealth
 * Level 0.5 Spellcasting


You had 3 spell levels left.
You didn't know any spells.
Your spell library was empty.

Dungeon Overview and Level Annotations

Branches:
Dungeon (5/15)             Temple (0/1) D:5

Altars:


Innate Abilities, Weirdness & Mutations

You cannot wear most types of armour.
You are amphibious.
You can wear up to eight rings at the same time.
Your skin changes colour to match your surroundings (Stealth+).
Your rubbery body absorbs attacks. (AC +1, EV +1)
((You are camouflaged when in or above water. (Stealth+)))
You have tentacles for arms and can constrict up to eight enemies at once.


Message History

Your Stealth skill increases to level 7!
You have reached level 2!
You have reached level 3!
Your experience leads to an increase in your attributes!
Increase (S)trength, (I)ntelligence, or (D)exterity?
You feel clever. x2
You start resting.
HP restored.
You see here an iguana corpse.
There is a dry fountain here.
A water moccasin comes into view.
Found a sling.
You feel yourself speed up.
You miss the water moccasin. You grab the water moccasin.
You squeeze the water moccasin, but do no damage.
You constrict the water moccasin. The water moccasin closely misses you.
The water moccasin bites you!
You hit the water moccasin. Your squeeze misses the water moccasin.
The water moccasin is moderately wounded.
You constrict the water moccasin. The water moccasin bites you!
You slash the water moccasin!
The water moccasin is heavily wounded.
You constrict the water moccasin. You completely miss the water moccasin.
The water moccasin is severely wounded.
You constrict the water moccasin, but do no damage.
The water moccasin bites you.
* * * LOW HITPOINT WARNING * * *
You are lethally poisoned!
The water moccasin poisons you! The water moccasin closely misses you.
You barely miss the water moccasin.
The water moccasin is heavily wounded.
You constrict the water moccasin.
* * * LOW HITPOINT WARNING * * *
You feel very sick. The water moccasin closely misses you.
You hit the water moccasin.
The water moccasin is severely wounded.
You constrict the water moccasin.
You die...

##.....## #.######
#.......# #..†...#
........##########.##
........#,).#.,,#...#
........#,>...⌠,#.⌠.#
#.......#,,,#..,#...#
##.....##***##.###.##
##...##*...#...#...#
##'## *.⌠...⌠S@.⌠.#
#.# *...#...#...# #.#
**,*##.###### ##.##
*,,,#..,*,,,*
###...###,⌠,#.⌠,,,⌠,*
........#,,,#.,,*,,,*
.##...#.#***#**###***
.###.##.########.# .#
####..........#


You could see a water moccasin.

Vanquished Creatures
  An iguana (D:5)
1 creature vanquished.

Notes
Turn   | Place    | Note
-------+----------+-------------------------------------------
     0 | D:5      | Esekla the Octopode Delver began the quest for the Orb.
     0 | D:5      | Reached XP level 1. HP: 16/16 MP: 1/1
     9 | D:5      | Noticed an ogre
   112 | D:5      | Noticed an iguana
   117 | D:5      | Killed an iguana
   118 | D:5      | Reached skill level 7 in Stealth
   118 | D:5      | Reached XP level 2. HP: 6/21 MP: 2/2
   118 | D:5      | Reached XP level 3. HP: 8/26 MP: 3/3
   199 | D:5      | Noticed a water moccasin
   207 | D:5      | Succumbed to a water moccasin's poison

Illustrated notes

Levels and vault maps discovered:
D:5:      layout_loops_corners, minmay_temple_entry_nine_rooms, uniq_eustachio

Skill      XL: |  1 |
---------------+----+-----
Stealth        | 7 |  7.1
Fighting       | |  3.2
Long Blades    | |  2.1
Dodging        | |  2.2
Spellcasting   | |  0.5

Action                     || total
---------------------------++-------
  Melee: Falchion          ||    10
         Tentacles         ||     3
         Constrict         ||     2
    Use: Scroll            ||     2
         Potion            ||     1
  Dodge: Dodged            ||     5

Table legend: (Time is in decaauts)
 A = Elapsed time spent in this place.
 B = Non-inter-level travel time spent in this place.
 C = Inter-level travel time spent in this place.
 D = Time resting spent in this place.
 E = Time spent auto-exploring this place.
 F = Levels seen in this place.
 G = Mean time per level.
                   A        B        C        D        E       F      G
               +--------+--------+--------+--------+--------+-----+--------+
         Total |    206 |    206 |      0 |     74 |      0 |   1 |  206.0 |
       Dungeon |    206 |    206 |      0 |     74 |      0 |   1 |  206.0 |
               +--------+--------+--------+--------+--------+-----+--------+

Top non-repeatable levels by time:
     D:5: 206 daAuts
